 Dungeon Sprint DCSS version 0.31-a0-37-g98a128e1d9 (webtiles) character file.

Game seed: 13114815620484796011

3578 sircluck the Grappler (level 9, -2/101 HPs)
             Began as a Troll Berserker on May 15, 2023.
             Was an Elder of Trog.
             Slain by an air elemental (7 damage)
             ... in the Dungeon (Sprint VII: "The Pits").
             The game lasted 00:02:28 (705 turns).

sircluck the Grappler (Troll Berserker)              Turns: 705, Time: 00:02:29

Health: -2/101     AC:  4    Str: 31    XL:     9   Next: 84%
Magic:  8/8        EV: 16    Int:  6    God:    Trog [****..]
Gold:   0          SH:  0    Dex:  9    Spells: 8/8 levels left

rFire   . .          .
                       - Unarmed
rCold   . . .        (no shield)
rNeg    . . .        a - +0 animal skin
rPois   .            (helmet restricted)
rElec   .            (no cloak)
rCorr   .            (gloves unavailable)
SInv    .            (boots unavailable)
Will    .....        (no amulet)
Stlth   +            g - +3 ring of intelligence
HPRegen 1.16/turn    d - +3 ring of evasion
MPRegen 0.11/turn

%: no teleportation
@: on berserk cooldown, slowed, very slow
A: large, unfitting armour, claws 3, regeneration 1, shaggy fur 1, tough skin 1
a: Renounce Religion, Berserk, Trog's Hand, Brothers in Arms


You were in the Dungeon.
You worshipped Trog.
Trog was greatly pleased with you.
You visited 1 branch

Inventory:

Missiles
 j - 12 stones (quivered)
Armour
 a - a +0 animal skin (worn)
Jewellery
 d - a +3 ring of evasion (right claw)
 g - a +3 ring of intelligence (left claw)
Potions
 b - 6 potions of curing
 c - 4 potions of heal wounds
 e - 4 potions of magic
 f - 6 potions of berserk rage
 h - 2 potions of invisibility
 k - 2 potions of might


   Skills:
 + Level 9.9 Fighting
 + Level 12.0 Dodging
 + Level 14.9 Unarmed Combat


You had 8 spell levels left.
You didn't know any spells.
Your spell library was empty.

Dungeon Overview and Level Annotations

Branches:
Dungeon (1/1)

Altars:
Ashenzari
Cheibriados
Dithmenos
Elyvilon
Fedhas
Gozag
Hepliaklqana
Kikubaaqudgha
Makhleb
Nemelex Xobeh
Okawaru
Qazlal
Ru
Sif Muna
Trog
Uskayaw
Vehumet
Wu Jian
Xom
Yredelemnul
Zin
The Shining One
Jiyva
Lugonu


Innate Abilities, Weirdness & Mutations

You are too large for most types of armour.
You have claws for hands.
Your natural rate of healing is unusually fast.
You are covered in fur. (AC +1)
You have tough skin. (AC +1)


Message History

The vampire mosquito draws strength from your injuries!
The air elemental fires a burst of electricity at you.
The stunning burst hits you.
You suddenly lose the ability to move!
* * * LOW HITPOINT WARNING * * *
Your ogre misses the vampire mosquito. The vampire mosquito bites you.
* * * LOW HITPOINT WARNING * * *
The vampire mosquito draws strength from your injuries!
You can move again.
You feel much better. The air elemental hits you!
* * * LOW HITPOINT WARNING * * *
The vampire mosquito bites you but does no damage.
The air elemental closely misses you.
The vampire mosquito closely misses you.
The vampire mosquito completely misses you.
The air elemental closely misses you.
Your ogre closely misses the vampire mosquito.
The vampire mosquito misses you. x2; The air elemental closely misses you.
Read: scroll of summoning
Press: ? - help, Q - select action, (/) - cycle Dir - look around, f - activate Look: a vampire mosquito (ally target)
As you read the scroll of summoning, it crumbles to dust.
Wisps of shadow whirl around you... The air elemental barely misses you.
The vampire mosquito bites you!
* * * LOW HITPOINT WARNING * * *
The vampire mosquito draws strength from your injuries!
The vampire mosquito bites you!
* * * LOW HITPOINT WARNING * * *
The vampire mosquito draws strength from your injuries!
The air elemental hits you but does no damage.
Your ogre closely misses the vampire mosquito.
The vampire mosquito bites you.
* * * LOW HITPOINT WARNING * * *
The vampire mosquito draws strength from your injuries!
The vampire mosquito bites you.
* * * LOW HITPOINT WARNING * * *
The vampire mosquito draws strength from your injuries!
The air elemental closely misses you. The vampire mosquito misses you.
Your ogre misses the vampire mosquito. The vampire mosquito barely misses you.
The air elemental hits you!
You die...

## #☼ # #D #. #☼ #. #° #..##{
#.O#D#############
#############..yEy............
#_________.##...@.x...........
#_________.###########''######
#_______...###########''######
##########'##................#
#.?..')))'.##......#..#......#
##########.##................+
#..........)'................+
#'#####'#####......#..#......#
#.#.)#).#[[##................#


You could see a swamp dragon, an air elemental, 2 vampire mosquitoes, a friendly
ogre (summoned, berserk) and a friendly small abomination (summoned).

Vanquished Creatures
  A shadow wraith (D)
  A bog body (D)
  A black mamba (D)
  A flying skull (D)
  A shadow (D)
  A fire bat (D)
  A warg (D)
  A floating eye (D)
  A black bear (D)
  A wolf (D)
  A scorpion (D)
  An orc wizard (D)
  A gnoll (D)
  An adder (D)
  An ufetubus (D)
  2 orcs (D)
  A ball python (D)
  2 bat zombies (D)
  2 endoplasms (D)
  A goblin (D)
  A hobgoblin (D)
  2 kobolds (D)
  A quokka (D)
  A rat (D)
28 creatures vanquished.

Vanquished Creatures (collateral kills)
  An orc warlord (D)
  A large abomination (D)
  An orc priest (D)
3 creatures vanquished.

Grand Total: 31 creatures vanquished

Notes
Turn   | Place    | Note
-------+----------+-------------------------------------------
     0 | D        | sircluck the Troll Berserker began the quest for the Orb.
     0 | D        | Reached XP level 1. HP: 22/22 MP: 0/0
    15 | D        | Noticed a shadow
    26 | D        | Killed a shadow
    26 | D        | Reached ** piety under Trog
    27 | D        | Reached skill level 5 in Fighting
    27 | D        | Reached skill level 5 in Dodging
    27 | D        | Reached skill level 6 in Unarmed Combat
    27 | D        | Reached XP level 2. HP: 6/35 MP: 1/1
    27 | D        | Reached XP level 3. HP: 8/42 MP: 2/2
    27 | D        | Reached XP level 4. HP: 9/50 MP: 3/3
    27 | D        | Reached XP level 5. HP: 11/57 MP: 4/4
   211 | D        | Reached skill level 7 in Unarmed Combat
   238 | D        | Found a bloodstained altar of Trog.
   238 | D        | Found a shimmering blue altar of Sif Muna.
   238 | D        | Found a viscous altar of Jiyva.
   238 | D        | Found a hazy altar of Hepliaklqana.
   238 | D        | Found an opulent altar of Gozag.
   239 | D        | Found a glowing golden altar of the Shining One.
   239 | D        | Found a glowing silver altar of Zin.
   239 | D        | Found a basalt altar of Yredelemnul.
   239 | D        | Found a shimmering altar of Xom.
   239 | D        | Found an ornate altar of the Wu Jian Council.
   239 | D        | Found a sacrificial altar of Ru.
   239 | D        | Found a stormy altar of Qazlal.
   239 | D        | Found an iron altar of Okawaru.
   239 | D        | Found a sparkling altar of Nemelex Xobeh.
   239 | D        | Found a burning altar of Makhleb.
   239 | D        | Found a blossoming altar of Fedhas.
   239 | D        | Found a white marble altar of Elyvilon.
   239 | D        | Found a shadowy altar of Dithmenos.
   239 | D        | Found a snail-covered altar of Cheibriados.
   243 | D        | Found a corrupted altar of Lugonu.
   243 | D        | Found a radiant altar of Vehumet.
   244 | D        | Found a broken altar of Ashenzari.
   244 | D        | Found an ancient bone altar of Kikubaaqudgha.
   244 | D        | Found a hide-covered altar of Uskayaw.
   274 | D        | Reached *** piety under Trog
   284 | D        | Noticed a floating eye
   285 | D        | Paralysed by a floating eye for 4 turns
   290 | D        | Killed a floating eye
   291 | D        | Reached skill level 8 in Unarmed Combat
   291 | D        | Reached XP level 6. HP: 55/67 MP: 5/5
   295 | D        | Reached **** piety under Trog
   361 | D        | Noticed a fire bat
   367 | D        | Killed a fire bat
   368 | D        | Reached skill level 9 in Unarmed Combat
   378 | D        | Reached ***** piety under Trog
   389 | D        | Reached XP level 7. HP: 55/78 MP: 6/6
   414 | D        | Reached skill level 10 in Unarmed Combat
   455 | D        | Killed a shadow wraith
   456 | D        | Reached skill level 11 in Unarmed Combat
   456 | D        | Reached XP level 8. HP: 21/89 MP: 7/7
   514 | D        | Noticed a flying skull
   514 | D        | Noticed a black mamba
   514 | D        | Noticed a bog body
   519 | D        | Killed a black mamba
   520 | D        | Reached skill level 10 in Dodging
   520 | D        | Reached skill level 12 in Unarmed Combat
   520 | D        | Killed a flying skull
   525 | D        | Killed a bog body
   525 | D        | Received a gift from Trog
   526 | D        | Reached skill level 13 in Unarmed Combat
   526 | D        | Reached XP level 9. HP: 42/98 MP: 8/8
   682 | D        | Noticed a large abomination
   682 | D        | Noticed a swamp dragon
   683 | D        | Noticed an orc warlord
   691 | D        | Killed an orc warlord
   692 | D        | Reached skill level 14 in Unarmed Combat
   694 | D        | Killed a large abomination
   699 | D        | Paralysed by an air elemental for 1 turns
   703 | D        | Paralysed by an air elemental for 1 turns
   705 | D        | HP: 5/101 [vampire mosquito (4)]
   705 | D        | Slain by an air elemental

Illustrated notes

Levels and vault maps discovered:
D:        pitsprint [storerooms_1, entrance_room_1, metal_vault_3, armoury_1,
          mini_pit_1, grid_room_1, main_hall_1, silver_pit, the_coven_3,
          the_vestibule_1, steel_vault_2, golden_pit, hallway_of_sentries,
          crystal_vault_4, iron_vault_2, final_vault]

Skill      XL: |  1  2  3  4  5  6  7  8  9 |
---------------+----------------------------+-----
Fighting       | 5 6 7 8 9 |  9.9
Dodging        | 5 6 8 9 10 12 | 12.0
Unarmed Combat | 6 8 9 11 13 14 | 14.9

Action                     |  1- 3 |  4- 6 |  7- 9 || total
---------------------------+-------+-------+-------++-------
  Melee: Unarmed           |     9 |    31 |    38 ||    78
         Punch             |       |     1 |     4 ||     5
 Invoke: Brothers in Arms  |       |       |     3 ||     3
         Berserk           |       |       |     1 ||     1
    Use: Potion            |       |       |     7 ||     7
         Scroll            |       |       |     2 ||     2
 Armour: Animal skin       |       |    26 |    11 ||    37
  Dodge: Dodged            |     1 |    33 |    42 ||    76

Table legend: (Time is in decaauts)
 A = Elapsed time spent in this place.
 B = Non-inter-level travel time spent in this place.
 C = Inter-level travel time spent in this place.
 D = Time resting spent in this place.
 E = Time spent auto-exploring this place.
 F = Levels seen in this place.
 G = Mean time per level.
                   A        B        C        D        E       F      G
               +--------+--------+--------+--------+--------+-----+--------+
         Total |    713 |    713 |      0 |    145 |    311 |   1 |  713.0 |
       Dungeon |    713 |    713 |      0 |    145 |    311 |   1 |  713.0 |
               +--------+--------+--------+--------+--------+-----+--------+

Top non-repeatable levels by time:
       D: 713 daAuts
